 Dungeon Crawl Stone Soup version 0.22.0-18-ge075c0de6d (webtiles) character file.

18 Flugkiller the Caller (level 2, -8/14 HPs)
             Began as a Vine Stalker Summoner on Aug 18, 2018.
             Mangled by an ogre
             ... wielding a +0 giant spiked club
              (22 damage)
             ... on level 2 of the Dungeon.
             The game lasted 00:02:04 (1622 turns).

Flugkiller the Caller (Vine Stalker Summoner)       Turns: 1622, Time: 00:02:05

Health: -8/14      AC:  3    Str: 10    XL:     2   Next: 66%
Magic:  0/6        EV: 12    Int: 15    God:
Gold:   27         SH:  0    Dex: 14    Spells: 4/5 levels left

rFire    . . .     SeeInvis .     - Unarmed
rCold    . . .     Gourm    .   (no shield)
rNeg     . . .     Faith    .   a - +0 robe
rPois    .         Spirit   +   (no helmet)
rElec    .         Reflect  .   h - +0 cloak
rCorr    .         Harm     .   (no gloves)
MR       .....                  (no boots)
Stlth    ++........             (no amulet)
HPRegen  0.04/turn              (no ring)
MPRegen  0.10/turn              (no ring)

@: no status effects
A: fangs 2, magic shield, antimagic bite, no potion heal 3, rot immunity
a: no special abilities


You were on level 2 of the Dungeon.
You were not hungry.

You visited 1 branch of the dungeon, and saw 2 of its levels.

You collected 27 gold pieces.

Inventory:

Missiles
 d - a throwing net (quivered)
Armour
 a - a +0 robe (worn)
 h - a +0 cloak (worn)
Scrolls
 b - a scroll of blinking {unknown}
 e - a scroll of identify {unknown}
 g - a scroll of random uselessness {unknown}
 i - 2 scrolls of teleportation {unknown}
Comestibles
 c - a ration


   Skills:
 + Level 0.7 Fighting
 + Level 1.8 Dodging
 - Level 2.4 Stealth
 * Level 1.4 Unarmed Combat
 - Level 2.1 Spellcasting
 - Level 4.0 Summonings


You had 4 spell levels left.
You knew the following spells:

 Your Spells              Type           Power        Failure   Level  Hunger
a - Summon Small Mammal   Summ           ##..         4%          1    #......

Your spell library contained the following spells:

 Spells                   Type           Power        Failure   Level  Hunger
 Call Imp                 Summ           ##......     6%          2    ###....
 Call Canine Familiar     Summ           ##......     13%         3    ###....
 Summon Guardian Golem    Hex/Summ       #.......     28%         3    ###....
 Summon Ice Beast         Ice/Summ       #.......     67%         4    #####..
 Summon Lightning Spire   Summ/Air       #.......     67%         4    #####..


Dungeon Overview and Level Annotations

Branches:
Dungeon (2/15)

Altars:

Annotations:
D:2 Sigmund


Innate Abilities, Weirdness & Mutations

You have extremely sharp teeth.
When hurt, damage is shared between your health and your magic reserves.
Your bite disrupts and absorbs the magic of your enemies.
Potions cannot restore your health.
You are immune to rotting.


Message History

An ogre is nearby!
You see here a robe.
Casting: Summon Small Mammal (safe; 4% risk of failure)
Confirm with . or Enter, or press ? or * to list all spells.
Casting: Summon Small Mammal (safe; 4% risk of failure)
Confirm with . or Enter, or press ? or * to list all spells.
The ogre hits your bat with a giant spiked club!
Your bat dies!
Your bat's corpse disappears in a puff of smoke!
Casting: Summon Small Mammal (safe; 4% risk of failure)
Confirm with . or Enter, or press ? or * to list all spells.
The ogre hits your bat with a giant spiked club!
Your bat dies!
Your bat's corpse disappears in a puff of smoke!
Casting: Summon Small Mammal (safe; 4% risk of failure)
Confirm with . or Enter, or press ? or * to list all spells.
Your quokka bites the ogre.
The ogre hits you with a giant spiked club!!
Ouch! That really hurt!
You die...

##### ######### #...#########
#........ ########...r.@.....#
#........ #<.....'.[.rO......#
#........
########.............+........
#........'........
#.##...##.########........
#..'...'..................
####...##.#.###.#.........
#...##.#.#...#.........


You could see an ogre and 2 friendly quokkas.

Vanquished Creatures
  3 giant cockroaches (D:1)
  2 goblins (D:1)
  A bat (D:2)
  3 frilled lizards (D:1)
  3 rats
12 creatures vanquished.

Vanquished Creatures (collateral kills)
  2 leopard geckos
  A goblin (D:1)
  A kobold (D:1)
  2 rats (D:1)
6 creatures vanquished.

Grand Total: 18 creatures vanquished

Notes
Turn   | Place    | Note
-------+----------+-------------------------------------------
     0 | D:1      | Flugkiller the Vine Stalker Summoner began the quest for the Orb.
     0 | D:1      | Reached XP level 1. HP: 9/9 MP: 4/4
    96 | D:1      | Reached skill level 1 in Unarmed Combat
    96 | D:1      | Reached XP level 2. HP: 4/14 MP: 1/6
   820 | D:2      | Noticed an ogre
   822 | D:2      | Noticed Sigmund
  1622 | D:2      | Mangled by an ogre

Skill      XL: |  1 |
---------------+----+-----
Unarmed Combat | 1 |  1.4
Fighting       | |  0.7
Dodging        | |  1.8
Stealth        | |  2.4
Spellcasting   | |  2.1
Summonings     | |  4.0

Action                   || total
-------------------------++-------
Melee: Unarmed           ||    49
       Bite              ||    10
Throw: Throwing net      ||     1
 Cast: Summon Small Mamm ||    28
  Use: Potion            ||     1
 Stab: Held in net/web   ||     1
  Eat: Ration            ||     1
Armor: Robe              ||    20
Dodge: Dodged            ||    78
